 Dungeon Crawl Stone Soup version 0.27-a0-1529-g1e82c303ef (webtiles) character file.

Game seed: 10637896319758514531

303597 Wyvernaa the Imperceptible (level 21, -14/112 HPs)
             Began as a Vine Stalker Gladiator on July 11, 2021.
             Was an Elder of Uskayaw.
             Demolished by a vault warden (21 damage)
             ... on level 3 of the Vaults on July 12, 2021.
             The game lasted 02:01:59 (34284 turns).

Wyvernaa the Imperceptible (VSGl)                  Turns: 34284, Time: 02:02:01

Health: -14/112    AC:  0    Str: 34    XL:     21   Next: 9%
Magic:  0/43       EV: 17    Int: 17    God:    Uskayaw [****..]
Gold:   1738       SH:  8    Dex: 18    Spells: 46/54 levels left

rFire    + + +     SeeInvis +   I - +9 trident (flame)
rCold    + . .     Faith    .   x - +3 buckler of Coaloj {Int+4}
rNeg     . . .     Spirit   +   K - +4 troll leather armour {Snorg}
rPois    +         Reflect  .   c - +2 helmet
rElec    +         Harm     .   t - scarf {rC+ rF+}
rCorr    .         Rampage  .   u - +5 pair of gloves of Gallantry {+Blink rElec Str+2}
Will     +++++                  n - +1 pair of boots "Roprapuv" {Str+4 Dex+5}
Stlth    ++++++++..             Y - amulet "Lunliddu" {RegenMP Will+++ Dex-2 Slay-2 SInv}
HPRegen  2.28/turn              k - ring of Piocablu {rF++ Int+4 Dex-2 Slay+3 SInv}
MPRegen  0.53/turn              C - ring "Beruinon" {rPois Str+3 Slay+4}

@: about to teleport, frozen, corroded, studying Polearms, very slow
A: fangs 3, regeneration 1, magic shield, antimagic bite, no potion heal 2
}: 2/15 runes: decaying, gossamer
a: Renounce Religion, Evoke Blink, Stomp, Line Pass


You were on level 3 of the Vaults.
You worshipped Uskayaw.
Uskayaw was pleased with you.
You visited 6 branches of the dungeon, and saw 34 of its levels.
You also visited: Bailey and Gauntlet.

You collected 4775 gold pieces.
You spent 3037 gold pieces at shops.

Inventory:

Hand Weapons
 I - a +9 trident of flaming (weapon)
Missiles
 d - 7 throwing nets (quivered)
Armour
 c - a +2 helmet (worn)
 j - the -4 cloak of Gam Tusy {rN+ Regen+ rCorr Slay-3}
   (You found it in a Gauntlet)

   Slay:      It affects your accuracy & damage with ranged weapons and melee
   (-3).
   rN:        It protects you from negative energy.
   Regen:     It increases your rate of health regeneration.
   rCorr:     It protects you from acid and corrosion.
 n - the +1 pair of boots "Roprapuv" (worn) {Str+4 Dex+5}
   (You bought it in a shop on level 2 of the Orcish Mines)

   Str:       It affects your strength (+4).
   Dex:       It affects your dexterity (+5).
 t - a scarf of resistance (worn)
 u - the +5 pair of gloves of Gallantry (worn) {+Blink rElec Str+2}
   (You found it in a Gauntlet)

   Str:       It affects your strength (+2).
   rElec:     It insulates you from electricity.
   +Blink:    It lets you blink.
 x - the +3 buckler of Coaloj (worn) {Int+4}
   (You found it on level 4 of the Dungeon)

   Int:       It affects your intelligence (+4).
 K - a +4 troll leather armour (worn) {Snorg}
 O - the -1 hat of Melancholy {rF+ rC+ Int+3}
   (You found it on level 2 of the Swamp)

   Int:       It affects your intelligence (+3).
   rF:        It protects you from fire.
   rC:        It protects you from cold.
Jewellery
 a - a ring of protection from cold
 b - a ring of ice
 k - the ring of Piocablu (left hand) {rF++ Int+4 Dex-2 Slay+3 SInv}
   (You bought it in a shop on level 2 of the Dungeon)

   [ring of see invisible]

   Int:       It affects your intelligence (+4).
   Dex:       It affects your dexterity (-2).
   Slay:      It affects your accuracy & damage with ranged weapons and melee
   (+3).
   rF:        It greatly protects you from fire.
   SInv:      It lets you see invisible.
 w - the ring "Juref" {rN+ Str+4 Dex+2}
   (You took it off an orc warrior on level 2 of the Orcish Mines)

   [ring of positive energy]

   Str:       It affects your strength (+4).
   Dex:       It affects your dexterity (+2).
   rN:        It protects you from negative energy.
 y - a ring of flight
 C - the ring "Beruinon" (right hand) {rPois Str+3 Slay+4}
   (You acquired it on level 8 of the Dungeon)

   [ring of slaying]

   Str:       It affects your strength (+3).
   Slay:      It affects your accuracy & damage with ranged weapons and melee
   (+4).
   rPois:     It protects you from poison.
 T - a ring of resist corrosion
 Y - the amulet "Lunliddu" (around neck) {RegenMP Will+++ Dex-2 Slay-2 SInv}
   (You found it on level 2 of the Swamp)

   [amulet of magic regeneration]

   It increases your rate of magic regeneration.
   Dex:       It affects your dexterity (-2).
   Slay:      It affects your accuracy & damage with ranged weapons and melee
   (-2).
   SInv:      It lets you see invisible.
   Will:      It greatly increases your willpower.
Wands
 m - a wand of acid (29)
 B - a wand of polymorph (18)
 E - a wand of digging (5)
 J - a wand of iceblast (28)
 P - a wand of paralysis (28)
 R - a wand of flame (73)
 S - a wand of mindburst (12)
 U - a wand of charming (32)
Scrolls
 e - a scroll of blinking
 f - 3 scrolls of fog
 g - 3 scrolls of silence
 l - 9 scrolls of amnesia
 q - 13 scrolls of identify
 s - 4 scrolls of teleportation
 D - 6 scrolls of fear
 G - 2 scrolls of enchant armour
 H - 2 scrolls of magic mapping
 Q - a scroll of holy word
 W - 5 scrolls of summoning
Potions
 h - 7 potions of curing
 o - 7 potions of lignification
 p - 4 potions of might
 r - 4 potions of mutation
 v - 3 potions of berserk rage
 z - 3 potions of haste
 A - 5 potions of brilliance
 L - 3 potions of invisibility
 M - 6 potions of magic
 N - 10 potions of ambrosia
 X - 2 potions of cancellation
Miscellaneous
 F - a phial of floods


   Skills:
 + Level 12.3 Fighting
 - Level 14.0 Polearms
 - Level 1.8 Throwing
 + Level 5.6 Armour
 + Level 9.2 Dodging
 + Level 23.6 Stealth
 - Level 4.0 Shields
 * Level 17.0 Spellcasting
 * Level 14.1 Invocations
 * Level 5.3 Evocations


You had 46 spell levels left.
You knew the following spells:

 Your Spells              Type           Power      Damage    Failure   Level
a - Ensorcelled Hibernat  Hex/Ice        28%        N/A       7%          2
b - Gell's Gravitas       Tloc           7%         N/A       13%         3
c - Frozen Ramparts       Ice            28%        1d4       13%         3

Your spell library contained the following spells:

 Spells                   Type           Power      Damage    Failure   Level
 Animate Skeleton         Necr           28%        N/A       4%          1
 Apportation              Tloc           28%        N/A       4%          1
 Corona                   Hex            15%        N/A       4%          1
 Freeze                   Ice            56%        1d7       4%          1
 Magic Dart               Conj           56%        1d5       4%          1
 Pain                     Necr           56%        1d6       4%          1
 Sandblast                Erth           28%        2d8       4%          1
 Summon Small Mammal      Summ           56%        N/A       4%          1
 Corpse Rot               Necr/Air       N/A        N/A       7%          2
 Passwall                 Tmut/Erth      11%        N/A       7%          2
 Searing Ray              Conj           28%        3d4       7%          2
 Sublimation of Blood     Necr           7%         N/A       7%          2
 Wereblood                Tmut           14%        N/A       7%          2
 Call Canine Familiar     Summ           14%        N/A       13%         3
 Ignite Poison            Fire/Tmut/Pois 14%        N/A       13%         3
 Inner Flame              Hex/Fire       14%        N/A       13%         3
 Mephitic Cloud           Conj/Pois/Air  14%        N/A       13%         3
 Portal Projectile        Hex/Tloc       28%        N/A       13%         3
 Spider Form              Tmut/Pois      7%         N/A       13%         3
 Stone Arrow              Conj/Erth      28%        3d8       13%         3
 Summon Guardian Golem    Hex/Summ       14%        N/A       13%         3
 Teleport Other           Tloc           14%        N/A       13%         3
 Tukima's Dance           Hex            14%        N/A       13%         3
 Animate Armour           Summ/Erth      28%        N/A       41%         4
 Dispel Undead            Necr           14%        3d10      41%         4
 Fulminant Prism          Conj/Hex       7%         3d7       41%         4
 Hailstorm                Conj/Ice       14%        3d5       41%         4
 Ice Form                 Ice/Tmut       14%        N/A       41%         4
 Leda's Liquefaction      Hex/Erth       7%         N/A       41%         4
 Petrify                  Tmut/Erth      14%        N/A       41%         4
 Summon Ice Beast         Ice/Summ       14%        N/A       41%         4
 Summon Lightning Spire   Summ/Air       14%        N/A       41%         4
 Agony                    Necr           14%        N/A       77%         5
 Alistair's Intoxication  Tmut/Pois      9%         N/A       77%         5
 Blade Hands              Tmut           7%         N/A       77%         5
 Bolt of Magma            Conj/Fire/Erth 7%         4d6       77%         5
 Excruciating Wounds      Necr           7%         N/A       77%         5
 Irradiate                Conj/Tmut      7%         3d16      77%         5
 Lee's Rapid Deconstruct  Erth           7%         3d7*      77%         5
 Death Channel            Necr           7%         N/A       100%        6
 Dispersal                Tloc           7%         N/A       100%        6
 Invisibility             Hex            7%         N/A       100%        6
 Iron Shot                Conj/Erth      7%         9d2       100%        6
 Shadow Creatures         Summ           N/A        N/A       100%        6
 Dragon Form              Tmut           7%         N/A       100%        7
 Orb of Destruction       Conj           7%         9d3       100%        7
 Spellforged Servitor     Conj/Summ      7%         N/A       100%        7
 Storm Form               Tmut/Air       7%         N/A       100%        7
 Summon Hydra             Summ           7%         N/A       100%        7
 Disjunction              Tloc           7%         N/A       100%        8
 Lehudib's Crystal Spear  Conj/Erth      7%         10d3      100%        8
 Maxwell's Capacitive Co  Air            7%         ∞         100%        8
 Necromutation            Tmut/Necr      7%         N/A       100%        8
 Shatter                  Erth           7%         3d9*      100%        9


Dungeon Overview and Level Annotations

Branches:
Dungeon (15/15)            Temple (0/1) D:6            Lair (6/6) D:8
  Swamp (4/4) Lair:2       Spider (4/4) Lair:3        Slime (0/5) Lair:6
    Orc (2/2) D:10            Elf (0/3) Orc:2        Vaults (3/5) D:13
  Crypt (0/3) Vaults:2     Depths (0/5) D:15         Bailey (visited)
Gauntlet (visited)

Altars:
Ashenzari
Cheibriados
Elyvilon
Makhleb
Okawaru
Qazlal
Ru
Sif Muna
Uskayaw
Xom
Yredelemnul
Zin
The Shining One
Beogh
Jiyva

Shops:
D:2 [(=   D:4 =![[   D:6 :   D:11 !   D:14 *   Orc:2 ***=[   Vaults:2 ![[

Portals:
Trove: D:11 (give 8 scrolls of blinking)

Annotations:
Lair:3 exclusion: 2 oklob plants
Vaults:2 2 runed translucent doors, Viffuud's ghost, master GrBe
Vaults:3 Frederick


Innate Abilities, Weirdness & Mutations

You have razor-sharp teeth.
Your natural rate of healing is unusually fast.
When hurt, damage is shared between your health and your magic reserves.
Your bite disrupts and absorbs the magic of your enemies.
Potions cannot restore your health.


Message History

The frost grips you!! You partially resist.
The ironbound convoker gestures at the boggart while chanting.
The boggart seems to grow stronger.
The entropy weaver points at you and mumbles some strange words.
The entropic weave corrodes you!
The boggart mumbles some strange words.
The boggart blinks!
You puncture the ironbound frostheart! You burn the ironbound frostheart!
You bite the ironbound frostheart, but do no damage.
The ironbound frostheart is almost dead.
The ironbound frostheart falters for a moment.
The vault warden barely misses you.
You can now merge with and destroy a victim.
Okay, then.
You stomp with the beat, sending a shockwave through the revellers around you!
The vault warden is severely wounded.
The ironbound frostheart is almost dead.
You can no longer merge with and destroy a victim.
The ice encasing you melts away.
The boggart casts a spell.
The boggart flickers and vanishes for a moment.
The ironbound frostheart calls freezing cold from the walls.
The frost grips you!! You partially resist.
You are encased in ice.
The vault warden hits you with a +0 battleaxe!
* * * LOW HITPOINT WARNING * * *
The ironbound frostheart barely misses you.
As you read the scroll of teleportation, it crumbles to dust.
You feel strangely unstable.
The ironbound convoker casts a spell at the ironbound frostheart.
The ironbound frostheart seems to grow stronger.
The boggart casts a spell.
The boggart blinks!
The entropy weaver points at you and mumbles some strange words.
The entropic weave corrodes you! The ironbound frostheart touches you!!
* * * LOW HITPOINT WARNING * * *
The ironbound frostheart freezes you! You resist.
* * * LOW HITPOINT WARNING * * *
The vault warden hits you with a +0 battleaxe!!
You die...

#..#.#....#
#T.#.##...#
#...#T#.###..# #.
pTT#.#.##.# ....
#.#..#'# #.p..
#.#...#+ #..#...
#.#...(## #..#..#
#.#.)...## #..#
#.#....@p# #..#
#.#####p## #..#
#....##c# #..#
#...##uBp
#..#######..##ccppp
#...........#.cppc..
#..##########..gg§..#
#..# #...<...+ #..#
+$......# ..


You could see a green very ugly thing (pain bonded), 2 vault wardens, a yaktaur
captain (pain bonded), an entropy weaver (pain bonded), 2 ironbound frosthearts,
a vault sentinel (pain bonded), 2 ironbound convokers, 3 yaktaurs and 2
boggarts.

Vanquished Creatures
  Xtahua (Vaults:3)
  Jorgrun (D:13)
  Asterion (Vaults:3)
  The ghost of Vuykkinei the Brawler, an adept TrBe of Trog (Spider:3)
  2 sphinxes
  Gastronok (Lair:3)
  A thorn hunter (Swamp:3)
  Donald (Swamp:3)
  The ghost of Ypsiuj the Thaumaturge, an adept GnSk of Makhleb (Swamp:2)
  4 vault wardens
  5 ghost moths
  2 orc warlords (Orc:2)
  4 emperor scorpions
  2 ghouls (Swamp:3)
  5 very ugly things
  7 ironbound preservers
  A vampire knight (Vaults:2)
  Azrael (D:14)
  7 bunyips
  6 dire elephants
  6 entropy weavers
  A minotaur (Gauntlet)
  3 spark wasps
  5 eleionomae
  The ghost of Demosthentine the Spear-Bearer, a journeyman MfGl of the Shining One (D:12)
  Snorg (D:10)
  3 shambling mangroves
  A yaktaur captain (Vaults:1)
  3 boulder beetles
  5 ironbound thunderhulks
  6 vault guards
  Fannar (D:11)
  A spriggan air mage (Swamp:4)
  A great orb of eyes (Vaults:3)
  18 hydras
  5 ghost crabs
  A peacekeeper (Vaults:3)
  4 ice dragons (Swamp:4)
  2 ironbound frosthearts
  A catoblepas (D:14)
  18 centaur warriors
  An ogre mage (D:13)
  9 alligators
  3 death yaks (Lair:6)
  A vampire mage (Vaults:2)
  5 two-headed ogres
  4 orc high priests (Orc:2)
  2 tengu warriors
  6 ironbound beastmasters
  10 spriggans
  5 spriggan druids
  8 goliath frogs
  2 fire crabs
  31 deep trolls
  6 swamp dragons
  11 bog bodies
  7 wizards
  3 ironbound convokers
  6 orc knights
  3 necromancers
  5 orc sorcerers
  31 orb spiders
  4 lindwurms
  3 deep elf pyromancers
  A harpy (shapeshifter) (D:13)
  A wolf spider zombie (D:15)
  A tengu skeleton (Vaults:3)
  51 wolf spiders
  4 cyclopes
  A manticore (Lair:6)
  4 will-o-the-wisps
  22 ugly things
  5 moths of wrath
  Maurice (D:8)
  3 black mambas
  12 elephants
  2 human skeletons (Vaults:3)
  2 torpor snails
  Maggie (D:10)
  Joseph (D:10)
  4 vault sentinels
  10 demonic crawlers
  A redback zombie (D:15)
  7 freezing wraiths
  4 komodo dragons
  13 yaktaurs
  5 rime drakes
  11 cane toads
  An efreet (D:13)
  6 meliai
  10 polar bears (Lair:6)
  15 tyrant leeches
  18 hornets
  9 trolls
  4 bloated husks
  A blink frog (shapeshifter) (D:13)
  59 jumping spiders
  18 slime creatures
  20 blink frogs
  A raiju (Lair:6)
  9 dream sheep
  A shadow (D:5)
  28 tarantellas
  89 redbacks
  2 fire elementals (D:14)
  7 wraiths
  A vampire (D:10)
  5 wyverns
  48 yaks
  Grum (D:9)
  6 basilisks
  2 steam dragons
  4 swamp worm simulacra (Swamp:4)
  23 vampire mosquitoes
  14 wargs
  13 hydra simulacra (Swamp:4)
  5 acid dragons
  17 swamp worms
  19 water moccasins
  19 hell hounds
  A swamp drake (Swamp:1)
  39 orc warriors
  3 ice beasts
  12 black bears
  25 wolves
  3 necrophages
  8 centaurs
  A boggart (Vaults:3)
  13 ogres
  6 kobold brigands
  2 human zombies (Vaults:3)
  11 bullfrogs
  3 gnoll sergeants (D:10)
  2 scorpions
  6 killer bees
  9 electric eels
  10 wights (D:8)
  8 howler monkeys
  9 centaur zombies
  28 orc priests
  A bullfrog skeleton (D:6)
  9 hounds
  A jelly (D:5)
  A gnoll shaman (D:6)
  Crazy Yiuf (D:7)
  2 centaur skeletons
  2 iguanas (D:6)
  27 orc wizards
  A howler monkey skeleton (D:4)
  6 adders
  15 gnolls
  2 shadow imps
  3 white imps
  4 swamp drake simulacra (Swamp:4)
  3 worms
  2 dart slugs
  92 orcs
  4 bats
  6 endoplasms
  4 giant cockroaches
  6 goblins
  11 hobgoblins
  4 jackals (D:3)
  33 kobolds
  7 quokkas
  6 ball pythons
  4 frilled lizards
  A jackal skeleton (D:4)
  5 rats
1411 creatures vanquished.

Vanquished Creatures (others)
  A wolf spider (Spider:4)
  A bloated husk (Swamp:2)
  A tyrant leech (Swamp:2)
  A swamp worm (Swamp:4)
  An orc wizard (D:13)
  4 demonic plants (Gauntlet)
  6 foxfires
  20 fungi
  37 plants
  5 withered plants (Swamp:3)
77 creatures vanquished.

Grand Total: 1488 creatures vanquished

Notes
Turn   | Place    | Note
-------+----------+-------------------------------------------
     0 | D:1      | Wyvernaa the Vine Stalker Gladiator began the quest for the
                  | Orb.
     0 | D:1      | Reached XP level 1. HP: 11/11 MP: 2/2
    96 | D:1      | Reached XP level 2. HP: 12/15 MP: 1/3
   891 | D:2      | Reached XP level 3. HP: 18/18 MP: 3/5
  1290 | D:2      | Found Vaggua Tempu's Weapon Shop.
  1357 | D:2      | Reached skill level 1 in Stealth
  1364 | D:2      | Found Moud's Jewellery Boutique.
  1366 | D:2      | Found Pucrur's Armour Emporium.
  2014 | D:3      | Reached skill level 1 in Spellcasting
  2014 | D:3      | Gained mutation: Your natural rate of healing is unusually
                  | fast. [Vine Stalker growth]
  2014 | D:3      | Reached XP level 4. HP: 22/23 MP: 4/6
  2031 | D:3      | Found an iron altar of Okawaru.
  2165 | D:3      | Found a stormy altar of Qazlal.
  2465 | D:3      | Reached XP level 5. HP: 26/26 MP: 7/7
  2772 | D:3      | Reached skill level 2 in Stealth
  2940 | D:4      | Found Hedak's Jewellery Shoppe.
  2966 | D:4      | Found Lypuluno's Distillery.
  3222 | D:4      | Identified the +2 ring mail of Hedging {Str-3 Slay+4}
  3287 | D:4      | Noticed a necrophage
  3304 | D:4      | Killed a necrophage
  3305 | D:4      | Reached skill level 1 in Armour
  3305 | D:4      | Reached XP level 6. HP: 30/30 MP: 8/10
  3349 | D:4      | Found Kipedi's Armour Boutique.
  3369 | D:4      | Found a hide-covered altar of Uskayaw.
  3484 | D:4      | Became a worshipper of Uskayaw the Reveller
  3543 | D:4      | Reached * piety under Uskayaw
  3645 | D:4      | Found a broken altar of Ashenzari.
  3745 | D:4      | Found Sucump's Armour Shop.
  3747 | D:4      | Identified the +3 buckler of Coaloj {Int+4}
  3824 | D:5      | Entered Level 5 of the Dungeon
  3828 | D:5      | Reached ** piety under Uskayaw
  3831 | D:5      | Reached skill level 5 in Polearms
  3938 | D:5      | Found a glowing silver altar of Zin.
  3939 | D:5      | Found a white marble altar of Elyvilon.
  3955 | D:5      | Reached *** piety under Uskayaw
  3956 | D:5      | Reached XP level 7. HP: 31/35 MP: 11/11
  4013 | D:5      | Reached skill level 1 in Invocations
  4096 | D:5      | Noticed a shadow
  4130 | D:5      | Killed a shadow
  4131 | D:5      | Reached skill level 1 in Shields
  4243 | D:5      | Reached skill level 3 in Stealth
  4407 | D:5      | Gained mutation: You have razor-sharp teeth. [Vine Stalker
                  | growth]
  4407 | D:5      | Reached XP level 8. HP: 38/39 MP: 13/13
  4474 | D:5      | Identified a scroll of acquirement
  4474 | D:5      | Acquired 1030 gold pieces
  4535 | D:4      | Bought a +1 cloak of stealth for 165 gold pieces
  4645 | D:2      | Bought the ring of Piocablu {rF++ Int+4 Dex-2 Slay+3 SInv}
                  | for 619 gold pieces
  4750 | D:6      | Found Lilarad's Book Shop.
  5148 | D:6      | Found a glowing golden altar of the Shining One.
  5172 | D:6      | Found a shimmering altar of Xom.
  5400 | D:6      | Found a staircase to the Ecumenical Temple.
  5508 | D:6      | Reached **** piety under Uskayaw
  5516 | D:6      | Reached ***** piety under Uskayaw
  6047 | D:7      | Reached skill level 4 in Stealth
  6065 | D:7      | Reached XP level 9. HP: 44/44 MP: 15/15
  6091 | D:7      | Found a flagged portal.
  6100 | Bailey   | Entered a bailey
  6106 | Bailey   | Noticed an orc knight
  6301 | Bailey   | Noticed an orc knight
  6485 | Bailey   | Killed an orc knight
  6522 | Bailey   | Killed an orc knight
  6781 | D:7      | Reached skill level 5 in Stealth
  6816 | D:7      | Found a burning altar of Makhleb.
  6889 | D:7      | Found a snail-covered altar of Cheibriados.
  7085 | D:7      | Found a runed translucent door.
  7086 | D:7      | Noticed Crazy Yiuf
  7256 | D:7      | Killed Crazy Yiuf
  7504 | D:8      | Acquired the ring "Beruinon" {rPois Str+3 Slay+4}
  7576 | D:8      | Reached XP level 10. HP: 49/49 MP: 17/17
  7609 | D:8      | Reached ****** piety under Uskayaw
  7762 | D:8      | Found a staircase to the Lair.
  8014 | D:8      | Reached skill level 5 in Spellcasting
  8115 | D:8      | Noticed Maurice
  8124 | D:8      | Killed Maurice
  8201 | D:8      | Reached skill level 10 in Polearms
  8307 | D:9      | Noticed Grum
  8320 | D:9      | Killed Grum
  8492 | D:9      | Reached skill level 6 in Stealth
  8732 | D:9      | Reached XP level 11. HP: 51/53 MP: 16/20
  8871 | D:9      | Found a shimmering blue altar of Sif Muna.
  9128 | D:10     | Entered Level 10 of the Dungeon
  9147 | D:10     | Reached skill level 5 in Invocations
  9153 | D:10     | Noticed a tengu warrior
  9183 | D:10     | Killed a tengu warrior
  9305 | D:10     | Noticed Joseph
  9318 | D:10     | Killed Joseph
  9646 | D:10     | Noticed Maggie
  9654 | D:10     | Noticed Snorg
  9655 | D:10     | Killed Maggie
  9656 | D:10     | Reached skill level 5 in Fighting
  9656 | D:10     | Reached skill level 7 in Stealth
  9666 | D:10     | Killed Snorg
  9667 | D:10     | Reached XP level 12. HP: 47/60 MP: 16/22
  9700 | D:10     | Found a basalt altar of Yredelemnul.
  9906 | D:10     | Found a staircase to the Orcish Mines.
 10177 | D:6      | Bought a manual of Spellcasting for 880 gold pieces
 10412 | D:11     | Noticed Fannar
 10421 | D:11     | Killed Fannar
 10440 | D:11     | Found Direti's Distillery.
 10485 | D:11     | Found a portal to a secret trove of treasure.
 10511 | D:11     | Noticed a two-headed ogre
 10520 | D:11     | Killed a two-headed ogre
 10521 | D:11     | Reached skill level 8 in Stealth
 10740 | D:11     | Identified the +2 scale mail of Ru's Outrage {rF+++ Dex+3}
 11116 | D:12     | Noticed a two-headed ogre
 11123 | D:12     | Killed a two-headed ogre
 11512 | D:12     | Reached skill level 9 in Stealth
 11544 | D:12     | Found a runed translucent gate.
 11545 | D:12     | Found a runed translucent gate.
 11545 | D:12     | Found a runed translucent gate.
 11546 | D:12     | Noticed a ten-headed hydra
 11547 | D:12     | Noticed Demosthentine's ghost (journeyman MfGl)
 11547 | D:12     | Noticed a nine-headed hydra
 11826 | D:13     | Noticed a four-headed hydra
 11835 | D:13     | Killed a four-headed hydra
 11896 | D:13     | Noticed a centaur warrior
 12048 | Lair:1   | Entered Level 1 of the Lair of Beasts
 12218 | Lair:1   | Reached XP level 13. HP: 64/64 MP: 26/26
 12759 | Lair:2   | Reached skill level 10 in Stealth
 13250 | Lair:2   | Found a staircase to the Swamp.
 13368 | Lair:3   | Reached skill level 11 in Stealth
 13450 | Lair:3   | Found a hole to the Spider Nest.
 13611 | Lair:3   | Reached skill level 10 in Spellcasting
 13611 | Lair:3   | Noticed Gastronok
 13674 | Lair:3   | Killed Gastronok
 13884 | Lair:3   | Reached XP level 14. HP: 70/70 MP: 29/29
 14272 | Lair:4   | Reached skill level 12 in Stealth
 14492 | Lair:4   | Got Nyfruben's Disquisition on Shape Shifting and Beguiling
 14634 | Lair:4   | Reached skill level 5 in Dodging
 15402 | Lair:5   | Reached skill level 13 in Stealth
 15609 | Lair:6   | Entered Level 6 of the Lair of Beasts
 15662 | Lair:6   | Found a gate leading to a gauntlet.
 15675 | Gauntlet | Entered a Gauntlet
 15675 | Gauntlet | Found a transporter.
 15680 | Gauntlet | Found a transporter.
 15680 | Gauntlet | Noticed an entropy weaver
 15682 | Gauntlet | Found a transporter.
 15683 | Gauntlet | Found a transporter.
 15686 | Gauntlet | Found a transporter.
 15687 | Gauntlet | Found a transporter.
 15689 | Gauntlet | Noticed an entropy weaver
 15699 | Gauntlet | Found a transporter.
 15708 | Gauntlet | Found a transporter.
 15734 | Gauntlet | Found a transporter.
 15753 | Gauntlet | Found a transporter.
 15757 | Gauntlet | Found a transporter.
 15765 | Gauntlet | Found a transporter.
 15965 | Gauntlet | Killed an entropy weaver
 16000 | Gauntlet | Identified the +5 pair of gloves of Gallantry {+Blink rElec
                  | Str+2}
 16046 | Gauntlet | Reached skill level 14 in Stealth
 16061 | Gauntlet | Identified the -4 cloak of Gam Tusy {rN+ Regen+ rCorr
                  | Slay-3}
 16270 | Lair:6   | Reached XP level 15. HP: 75/75 MP: 32/32
 16626 | Lair:6   | Found a staircase to the Slime Pits.
 16626 | Lair:6   | Found a viscous altar of Jiyva.
 17209 | D:12     | Killed Demosthentine's ghost
 17471 | D:13     | Found a gate to the Vaults.
 17475 | D:13     | Reached skill level 15 in Stealth
 17855 | D:13     | Noticed Jorgrun
 17866 | D:13     | Killed Jorgrun
 18023 | D:14     | Noticed Azrael
 18025 | D:14     | Found Enkaod's CLEARANCE SALE! EVERYTHING MUST GO!.
 18040 | D:14     | Killed Azrael
 18277 | D:14     | Reached skill level 10 in Invocations
 18313 | D:14     | Learned a level 2 spell: Ensorcelled Hibernation
 18317 | D:14     | Learned a level 3 spell: Gell's Gravitas
 18321 | D:14     | Learned a level 3 spell: Frozen Ramparts
 18475 | D:14     | Reached skill level 16 in Stealth
 18799 | D:15     | Entered Level 15 of the Dungeon
 18992 | D:15     | Reached XP level 16. HP: 82/82 MP: 34/34
 19266 | D:15     | Found a sacrificial altar of Ru.
 19610 | D:15     | Found a staircase to the Depths.
 19940 | Orc:1    | Entered Level 1 of the Orcish Mines
 19984 | Orc:2    | Entered Level 2 of the Orcish Mines
 20019 | Orc:1    | Found a dark tunnel.
 20310 | Orc:2    | Reached skill level 17 in Stealth
 20887 | Orc:2    | Found Pussueto's Jewellery Shoppe.
 20887 | Orc:2    | Found Gunne's General Store.
 20888 | Orc:2    | Found Amokkuoru's General Store.
 20894 | Orc:2    | Found Vasua's General Store.
 20922 | Orc:2    | Bought an amulet of magic regeneration for 360 gold pieces
 20933 | Orc:2    | Bought the +1 pair of boots "Roprapuv" {Str+4 Dex+5} for
                  | 460 gold pieces
 20974 | Orc:2    | Found a staircase to the Elven Halls.
 21268 | Orc:2    | Identified the ring "Juref" {rN+ Str+4 Dex+2}
 21475 | Orc:2    | Found Erurch's Antique Armour Shoppe.
 21851 | D:2      | Bought a ring of flight for 192 gold pieces
 22062 | Swamp:1  | Entered Level 1 of the Swamp
 22396 | Swamp:1  | Identified the +2 ring mail of Giujatergh {rN++ Str-2}
 22660 | Swamp:2  | Found a transporter.
 22700 | Swamp:2  | Reached skill level 18 in Stealth
 22789 | Swamp:2  | Reached XP level 17. HP: 88/88 MP: 36/36
 23041 | Swamp:2  | Noticed Ypsiuj's ghost (adept GnSk)
 23054 | Swamp:2  | Found a transporter.
 23223 | Swamp:3  | Noticed Donald
 23243 | Swamp:3  | Killed Donald
 23307 | Swamp:3  | Reached skill level 15 in Spellcasting
 23616 | Swamp:3  | Reached skill level 10 in Fighting
 23736 | Swamp:3  | Reached skill level 19 in Stealth
 24060 | Swamp:4  | Entered Level 4 of the Swamp
 25241 | Swamp:4  | Got a decaying rune of Zot
 25374 | Swamp:2  | Reached XP level 18. HP: 95/95 MP: 38/38
 25414 | Swamp:2  | Killed Ypsiuj's ghost
 25418 | Swamp:2  | Identified the -1 hat of Melancholy {rF+ rC+ Int+3}
 25431 | Swamp:2  | Identified the amulet "Lunliddu" {RegenMP Will+++ Dex-2
                  | Slay-2 SInv}
 25632 | Spider:1 | Entered Level 1 of the Spider Nest
 25724 | Spider:1 | Reached skill level 20 in Stealth
 26872 | Spider:2 | Reached skill level 5 in Armour
 27774 | Spider:3 | Reached skill level 21 in Stealth
 27977 | Spider:3 | Found a large runed translucent door.
 27977 | Spider:3 | Found a large runed translucent door.
 28003 | Spider:3 | Noticed Vuykkinei's ghost (adept TrBe)
 28024 | Spider:3 | Killed Vuykkinei's ghost
 28231 | Spider:3 | Reached XP level 19. HP: 93/100 MP: 38/40
 28626 | Spider:4 | Entered Level 4 of the Spider Nest
 30036 | Spider:4 | Reached skill level 1 in Evocations
 30958 | Spider:4 | Reached skill level 22 in Stealth
 31047 | Spider:4 | Got a gossamer rune of Zot
 31419 | Vaults:1 | Entered Level 1 of the Vaults
 31694 | Vaults:1 | Reached XP level 20. HP: 106/106 MP: 41/41
 32423 | Vaults:2 | Reached skill level 23 in Stealth
 32740 | Vaults:2 | Found Ozxulon's Distillery.
 32825 | Vaults:2 | Found a large runed translucent door.
 32825 | Vaults:2 | Found a large runed translucent door.
 32825 | Vaults:2 | Noticed Viffuud's ghost (master GrBe)
 33083 | Vaults:2 | Found Cympemus's Armour Shoppe.
 33194 | Vaults:2 | Found Wadaocse's Antique Armour Shoppe.
 33207 | Vaults:2 | Bought a pair of polished boots for 361 gold pieces
 33207 | Vaults:2 | Identified the +0 pair of boots "Xud Rorph" {rC+} (You
                  | bought it in a shop on level 2 of the Vaults)
 33290 | Vaults:2 | Found a staircase to the Crypt.
 33551 | Vaults:3 | Noticed Frederick
 33963 | Vaults:3 | Reached skill level 5 in Evocations
 34109 | Vaults:3 | Noticed Asterion
 34133 | Vaults:3 | Killed Asterion
 34143 | Vaults:3 | Reached XP level 21. HP: 89/111 MP: 36/43
 34239 | Vaults:3 | Noticed Xtahua
 34248 | Vaults:3 | Killed Xtahua
 34284 | Vaults:3 | Demolished by a vault warden

Illustrated notes

Levels and vault maps discovered:
D:1:      dpeg_arrival_solitude, layout_basic
D:2:      layout_basic, serial_shops, nicolae_shop_waterfront,
          nicolae_shop_statue_plus, shop
D:3:      layout_basic, mainiacjoe_overflow_concentric_impassable,
          okawaru_gym_becter, corner_web_ring, kennysheep_generic_room_14
D:4:      layout_loops_corners, marbit_many_paths,
          eat_drink_and_be_merry_uskayaw, serial_shops, shop,
          nicolae_take_the_stairs, nicolae_shop_stone, kennysheep_mini
D:5:      layout_loops_ring, chequers_temple_overflow_statue_of_worship
D:6:      layout_rooms, grunt_temple_overflow_open, minmay_temple_entry_slanted,
          serial_rivers, chequers_serial_rivers_small_b,
          chequers_serial_rivers_micro_b, chequers_serial_rivers_micro_e,
          chequers_serial_rivers_micro_a, serial_shops, shop
D:7:      layout_basic, overflow_temple_1_default, lemuel_doored_altar,
          enter_bailey_2, uniq_crazy_yiuf_cottage
D:8:      layout_basic, erik_lair_island, special_room [special_room_orc],
          chequers_serial_rivers_micro_a, uniq_maurice
D:9:      layout_irregular_city, nicolae_sif_muna_condensation, uniq_grum
D:10:     layout_basic, kennysheep_mini_moat,
          kennysheep_orc_monster_closet_entryway, serial_corexii_hall,
          chequers_hall_statues_y, corexii_hall_statues_s,
          chequers_hall_statues_corner_a, corexii_hall_statues_l,
          corexii_hall_statues_t, corexii_hall_statues_u, onia_ninara_cookie,
          uniq_joseph, uniq_maggie, uniq_snorg
D:11:     layout_irregular_city, nicolae_trove_entry_crystal, serial_shops,
          shop, minivault_16, kennysheep_generic_room_13, uniq_fannar
D:12:     layout_small_grid, gammafunk_ghost_hydra_chop
D:13:     layout_loops_cross, david_vaults_5, serial_glass, glass_columns_a,
          glass_columns_a, glass_columns_b, glass_columns_a, uniq_jorgrun
D:14:     layout_long_grid, nicolae_shop_clearance, uniq_azrael
D:15:     grunt_enter_depths_magical_seal, layout_stronghold,
          nicolae_ru_awakened_eye
Lair:1:   layout_chaotic_city
Lair:2:   layout_big_grid, nicolae_swamp_entry_splash_gauntlet, st_stairs_13,
          nzn_sisyphean_effort
Lair:3:   layout_gridlike, spider_nest_entry_webs, minmay_lair_oklob_chamber,
          serial_bayou_shore_b, uniq_gastronok
Lair:4:   layout_cave_shapes, grunt_megastairs_4
Lair:5:   layout_regular_city, st_stairs_11
Lair:6:   hangedman_lair_caniforms_friends, layout_misc_corridors,
          slime_altar_1, gauntlet_entry_generic
Swamp:1:  layout_basic_swamp, evilmike_swamp_ruin_house_5,
          hangedman_swamp_lotus, infiniplex_staircase_pool
Swamp:2:  layout_basic_swamp, gammafunk_ghost_berserking_beasts,
          hangedman_swamp_ruin_wall
Swamp:3:  layout_basic_swamp, hangedman_swamp_pad, swamp_pool3,
          st_shrine_of_shade, infiniplex_staircase_pool_2, uniq_donald
Swamp:4:  swamp_icy, layout_basic_swamp, swamp_pool1,
          nicolae_swamp_catching_bugs
Spider:1: nicolae_spider_mines_2, nicolae_spider_nooks_and_crannies
Spider:2: layout_spider_delve
Spider:3: layout_spider_delve, ebering_ghost_disaster_area
Spider:4: grunt_spider_rune_island, drop_trap, nicolae_spider_webs_and_nodes,
          nicolae_spider_orb_run
Orc:1:    layout_caves, nicolae_volcano_entry_two_sided, mines5_lemuel
Orc:2:    st_orc_mages, layout_diamond_mine, serial_shops, shop,
          minmay_orc_treasury
Vaults:1: vaults_dpeg_spiral, vaults_room_door_hall,
          nicolae_vaults_mini_display_case, v_misc_17, v_misc_12, v_misc_5,
          ontoclasm_vaults_bender, layout_vaults_maze_snakey
Vaults:2: ebering_vaults_ghost_disaster_area, minmay_crypt_entry_simple_sparse,
          v_alt_pattern_6, nicolae_vaults_ring_of_whatevers, v_misc_16,
          layout_vaults_quadrants, serial_shops,
          nicolae_shop_overgrown_old_shop, nicolae_shop_statue_plus, shop
Vaults:3: nicolae_vaults_inception_corners, nicolae_vaults_rhombus_6,
          vaults_dpeg_encased_lava, vaults_mumra_hex, nicolae_vaults_minivaults,
          hangedman_vaults_slice, v_alt_pattern_1, grunt_vaults_bifocal,
          vaults_dpeg_cross, ontoclasm_vaults_fault,
          vaults_room_grunt_arrival_ludios, ontoclasm_vaults_decontamination,
          layout_vaults_omnibox, uniq_frederick, uniq_asterion, uniq_xtahua

Skill      XL: |  1  2  3  4  5  6  7  8  9 10 11 12 13 14 15 16 17 18 19 20 |
---------------+-------------------------------------------------------------+-----
Polearms       | 3 4 5 6 7 9 10 11 13 14 | 14.0
Fighting       | 2 3 4 5 6 7 8 9 10 11 12 | 12.3
Stealth        | 1 2 3 4 5 6 7 9 11 14 16 18 19 21 22 23 | 23.6
Spellcasting   | 1 2 3 4 5 6 8 10 12 13 14 15 16 17 | 17.0
Armour         | 1 2 3 4 5 |  5.6
Dodging        | 3 4 5 6 7 8 9 |  9.2
Invocations    | 1 2 3 4 5 6 7 8 10 11 12 13 14 | 14.1
Shields        | 1 2 3 4 |  4.0
Evocations     | 2 5 |  5.3
Throwing       | |  1.8

Action                   |  1- 3 |  4- 6 |  7- 9 | 10-12 | 13-15 | 16-18 | 19-21 || total
-------------------------+-------+-------+-------+-------+-------+-------+-------++-------
Melee: Trident           |   124 |   163 |   311 |   484 |   739 |  1416 |   758 ||  3995
       Bite              |    23 |    41 |    59 |   137 |   241 |   536 |   279 ||  1316
 Cast: Gell's Gravitas   |       |       |       |       |       |       |     1 ||     1
       Frozen Ramparts   |       |       |       |       |       |       |     1 ||     1
Invok: Stomp             |       |       |     4 |       |       |       |     1 ||     5
       Grand Finale      |       |       |       |       |       |     1 |       ||     1
Evoke: Wand              |       |       |       |     4 |       |       |       ||     4
  Use: Scroll            |     6 |     1 |     8 |     4 |    17 |     8 |     5 ||    49
       Potion            |       |       |     4 |       |       |       |     1 ||     5
 Stab: Sleeping          |     6 |     7 |     7 |    21 |    50 |    72 |    36 ||   199
       Paralysed         |       |       |     5 |    34 |    73 |   115 |    98 ||   325
       Distracted        |       |       |     2 |       |     4 |    17 |     4 ||    27
       Held in net/web   |       |       |       |       |       |       |     3 ||     3
Armor: Leather armour    |    31 |    60 |    39 |     1 |       |       |       ||   131
       Ring mail         |       |       |       |    66 |       |       |       ||    66
       Troll leather arm |       |       |       |    36 |   134 |   294 |   155 ||   619
Dodge: Dodged            |    64 |    93 |    95 |   117 |   106 |   441 |   209 ||  1125
Block: Buckler           |       |    10 |    57 |   222 |   169 |   287 |   149 ||   894
       Reflection        |       |       |       |    15 |     6 |     2 |       ||    23

Table legend: (Time is in decaauts)
 A = Elapsed time spent in this place.
 B = Non-inter-level travel time spent in this place.
 C = Inter-level travel time spent in this place.
 D = Time resting spent in this place.
 E = Time spent auto-exploring this place.
 F = Levels seen in this place.
 G = Mean time per level.
                   A        B        C        D        E       F      G
               +--------+--------+--------+--------+--------+-----+--------+
         Total |  33141 |  30496 |   2645 |   2983 |  18671 |  36 |  920.6 |
       Dungeon |  14797 |  13033 |   1764 |    631 |   9177 |  15 |  986.5 |
          Lair |   4543 |   4140 |    403 |     51 |   3186 |   6 |  757.2 |
         Swamp |   3249 |   3121 |    128 |    473 |   1522 |   4 |  812.2 |
   Spider Nest |   5264 |   5083 |    181 |   1108 |   2548 |   4 | 1316.0 |
  Orcish Mines |   1576 |   1499 |     77 |    217 |    624 |   2 |  788.0 |
        Vaults |   2674 |   2585 |     89 |    412 |   1460 |   3 |  891.3 |
        Bailey |    574 |    574 |      0 |     33 |    101 |   1 |  574.0 |
      Gauntlet |    460 |    460 |      0 |     58 |     51 |   1 |  460.0 |
               +--------+--------+--------+--------+--------+-----+--------+

Top non-repeatable levels by time:
Spider:4: 1975 daAuts
Vaults:2: 1452 daAuts
Spider:3: 1436 daAuts
   Orc:2: 1341 daAuts
     D:2: 1279 daAuts
 Swamp:4: 1175 daAuts
     D:8: 1175 daAuts
     D:4: 1115 daAuts
     D:7: 1111 daAuts
    D:10: 1036 daAuts
Spider:1: 1032 daAuts
  Lair:3: 1013 daAuts
     D:6: 1008 daAuts
     D:3: 1006 daAuts
    D:15: 988 daAuts
